 Dungeon Crawl Stone Soup version 0.27-a0-1137-g3ef0f4ec91 (webtiles) character file.

Game seed: 4719223863552217948

2662 kae the Carver (level 9, -2/69 HPs)
             Began as a Demonspawn Abyssal Knight on May 6, 2021.
             Was an Elder of Lugonu.
             Killed from afar by an efreet (29 damage)
             ... with a bolt of fire
             ... on level 9 of the Dungeon.
             The game lasted 00:05:28 (9693 turns).

kae the Carver (Demonspawn Abyssal Knight)          Turns: 9693, Time: 00:05:29

Health: -2/69      AC: 10    Str: 17    XL:     9   Next: 36%
Magic:  10/10      EV:  9    Int: 13    God:    Lugonu [****..]
Gold:   588        SH:  0    Dex: 18    Spells: 8/8 levels left

rFire    . . .     SeeInvis .   a - +4 falchion
rCold    . . .     Faith    .   (no shield)
rNeg     . . .     Spirit   .   q - +1 scale mail {Will+}
rPois    .         Reflect  .   (no helmet)
rElec    .         Harm     .   (no cloak)
rCorr    .         Rampage  .   o - +2 pair of gloves
Will     +....                  (no boots)
Stlth    ..........             (no amulet)
HPRegen  0.21/turn              t - +6 ring of dexterity
MPRegen  0.12/turn              (no ring)

@: mighty, studying Polearms
A: hooves 1, demonic guardian 1, icemail 1, condensation shield, robust 1, wild
magic 2
a: Renounce Religion, Depart the Abyss, Bend Space, Banish, Corrupt


You were on level 9 of the Dungeon.
You worshipped Lugonu.
Lugonu was greatly pleased with you.
You visited 1 branch of the dungeon, and saw 8 of its levels.
You visited the Abyss 1 time.
You also visited: Ossuary.

You collected 588 gold pieces.

Inventory:

Hand Weapons
 a - a +4 falchion (weapon)
Missiles
 v - 4 curare-tipped darts
Armour
 b - a +0 leather armour
 o - a +2 pair of gloves (worn)
 q - a +1 scale mail of willpower (worn)
Jewellery
 i - the ring "Rigaloa" {rF+ rCorr Str+4 Dex+4}
   (You found it on level 5 of the Dungeon)

   [ring of resist corrosion]

   It affects your strength (+4).
   It affects your dexterity (+4).
   It protects you from fire.
   It protects you from acid and corrosion.
 j - a ring of magical power
 l - a +6 ring of intelligence
 t - a +6 ring of dexterity (left hand)
Wands
 h - a wand of charming (10)
Scrolls
 c - a scroll of fear
 d - 4 scrolls of teleportation
 f - a scroll of identify
 n - a scroll of amnesia
Potions
 e - 4 potions of curing
 g - 2 potions of flight
 k - 3 potions of mutation
 m - a potion of magic
 p - 2 potions of haste
 r - a potion of might
 s - a potion of cancellation
 u - a potion of heal wounds
 w - a potion of degeneration


   Skills:
 - Level 3.0 Fighting
 + Level 11.7 Long Blades
 - Level 1.7 Armour
 - Level 0.8 Dodging
 - Level 2.4 Invocations


You had 8 spell levels left.
You didn't know any spells.
Your spell library was empty.

Dungeon Overview and Level Annotations

Branches:
Dungeon (7/15)             Temple (0/1) D:5         Ossuary (visited)

Altars:
Elyvilon
Zin
The Shining One

Shops:
D:2 [


Innate Abilities, Weirdness & Mutations

You have large cloven feet.
A weak demonic guardian rushes to your aid.
A meltable icy envelope protects you from harm. (AC +0)
A meltable shield of frost defends you. (SH +0)
You are robust. (+10% HP)
Your spells are harder to cast, but more powerful.


Message History

A manticore and a gargoyle come into view.
An efreet comes into view.
It is wielding a +4 scimitar of flaming.
A troll comes into view.
The troll shouts!
You hear a croak.
You hear a shout!
A boulder beetle comes into view.
You hear a shout!
You hear a howl!
You hear two shouts! 2 manticores and a two-headed ogre come into view.
The two-headed ogre shouts in stereo!
The gargoyle hurls a stone arrow at you.
The stone arrow hits you!
A two-headed ogre comes into view. It is wielding two +0 giant clubs.
The boulder beetle curls into a ball and begins rolling!
A purple ugly thing comes into view.
The manticore moves out of view.
A centaur warrior comes into view.
The centaur warrior shouts!
The two-headed ogre shouts in stereo!
The manticore bites you!
A demonic guardian appears!
The manticore claws you but does no damage. x2
The gargoyle hits you with a +0 flail!
* * * LOW HITPOINT WARNING * * *
A gargoyle comes into view.
It is wielding a +0 flail. 2 kobolds come into view.
The kobold shouts!
The manticore completely misses you. You block the manticore's attack.
The manticore barely misses you.
The gargoyle hurls a stone arrow at you.
The stone arrow misses you. The efreet gestures at you.
The bolt of fire hits you!
Your icy defenses dissipate!
* * * LOW HITPOINT WARNING * * *
Okay, then.
You feel much better.
Your quasit barely misses the manticore.
Your quasit claws the manticore but does no damage.
Your quasit barely misses the manticore.
The manticore is engulfed in blazing flames.
The efreet gestures at you. The bolt of fire hits you!!
You die...

#. #.#......# #.#
#.#......# K ..
#.#......# #. #.
#.#.#.#..# ...
#.###........# ..9K
#...........######
...uc#H.....##........#
.8°OT○9H5...##........#
..°○○#R@....##........#
.°.. #.<...###.########
... #.###.###)###### #.
#.......)........ .
....##.###.#...... [..
... ..#..!... ###.##.
### ..... # #. ..... #.
....


You could see a purple ugly thing, a centaur warrior, a two-headed ogre, 2
manticores, a troll, an efreet, 2 gargoyles, a kobold brigand (wandering), a
kobold and a friendly quasit (summoned).

Vanquished Creatures
  A troll (D:9)
  Sigmund (D:3)
  A water moccasin (D:5)
  A hornet zombie (D:7)
  3 sky beasts
  3 black bears
  An orc warrior (D:7)
  A necrophage (D:5)
  2 ogres
  2 centaurs
  A scorpion (D:5)
  A wyvern zombie (D:6)
  5 water moccasin zombies (Ossuary)
  A wyvern skeleton (D:7)
  2 wights (D:9)
  A howler monkey (D:7)
  A bullfrog zombie (D:5)
  A hound (D:5)
  Jessica (D:3)
  4 iguanas
  3 orc wizards
  A hound skeleton (D:4)
  3 mummies
  3 gnolls (D:5)
  An adder (D:2)
  A shadow imp (D:6)
  2 white imps
  An ufetubus (D:5)
  4 adder zombies (Ossuary)
  2 dart slugs
  3 worms
  19 orcs
  7 endoplasms
  3 giant cockroaches
  9 goblins
  12 hobgoblins
  5 jackals
  4 quokkas
  2 ball pythons
  6 bats
  3 frilled lizards
  6 gnoll zombies (Ossuary)
  4 hobgoblin zombies
  5 kobolds
  5 kobold zombies (Ossuary)
  6 orc zombies (Ossuary)
  5 rats
159 creatures vanquished.

Vanquished Creatures (collateral kills)
  A bat (D:3)
1 creature vanquished.

Grand Total: 160 creatures vanquished

Notes
Turn   | Place    | Note
-------+----------+-------------------------------------------
     0 | Abyss:1  | kae the Demonspawn Abyssal Knight began the quest for the
                  | Orb.
     0 | Abyss:1  | Reached XP level 1. HP: 18/18 MP: 2/2
   152 | Abyss:1  | Noticed a merfolk zombie
   167 | Abyss:2  | Found a corrupted altar of Lugonu.
   196 | Abyss:2  | Noticed a smoke demon
   199 | D:1      | Escaped the Abyss
   273 | D:1      | Reached skill level 2 in Long Blades
   708 | D:1      | Found a faded altar of an unknown god.
   718 | D:1      | Gained mutation: A weak demonic guardian rushes to your
                  | aid. [demonic ancestry]
   718 | D:1      | Reached XP level 2. HP: 24/24 MP: 3/3
   746 | D:1      | Reached * piety under Lugonu
  1364 | D:1      | Reached skill level 3 in Long Blades
  1584 | D:2      | Reached XP level 3. HP: 21/29 MP: 4/4
  2110 | D:2      | Reached ** piety under Lugonu
  2406 | D:2      | Found Mauw's Jewellery Shop.
  2554 | D:2      | Found Reawiet's Antique Armour Shoppe.
  2753 | D:3      | Reached skill level 4 in Long Blades
  2753 | D:3      | Gained mutation: A meltable shield of frost defends you.
                  | (SH +0) [demonic ancestry]
  2753 | D:3      | Reached XP level 4. HP: 11/35 MP: 5/5
  3097 | D:3      | Noticed Jessica
  3112 | D:3      | Killed Jessica
  3478 | D:3      | Noticed Sigmund
  3691 | D:3      | Gained mutation: You have large cloven feet. [potion of
                  | mutation]
  3691 | D:3      | Gained mutation: Your spells are a little harder to cast,
                  | but a little more powerful. [potion of mutation]
  3691 | D:3      | Gained mutation: Your spells are harder to cast, but more
                  | powerful. [potion of mutation]
  3691 | D:3      | Gained mutation: You are robust. (+10% HP) [potion of
                  | mutation]
  3695 | D:3      | Killed Sigmund
  3696 | D:3      | Reached skill level 5 in Long Blades
  3696 | D:3      | Reached XP level 5. HP: 33/45 MP: 6/6
  3696 | D:3      | Mutation became permanent: You have large cloven feet.
                  | [demonic ancestry]
  3696 | D:3      | Gained mutation: You have large cloven feet. [demonic
                  | ancestry]
  3696 | D:3      | Reached XP level 6. HP: 37/51 MP: 7/7
  4101 | D:3      | Reached skill level 6 in Long Blades
  5169 | D:4      | Reached skill level 7 in Long Blades
  5169 | D:4      | Gained mutation: A meltable icy envelope protects you from
                  | harm. (AC +0) [demonic ancestry]
  5169 | D:4      | Reached XP level 7. HP: 25/57 MP: 8/8
  5463 | D:5      | Entered Level 5 of the Dungeon
  6097 | D:5      | Reached *** piety under Lugonu
  6190 | D:5      | Reached skill level 8 in Long Blades
  6503 | D:5      | Found a staircase to the Ecumenical Temple.
  6884 | D:5      | Reached XP level 8. HP: 53/63 MP: 9/9
  6943 | D:5      | Identified the ring "Rigaloa" {rF+ rCorr Str+4 Dex+4}
  7707 | D:6      | Reached skill level 9 in Long Blades
  8659 | D:7      | Reached skill level 10 in Long Blades
  8832 | D:7      | Found a sand-covered staircase.
  8838 | Ossuary  | Entered an ossuary
  9059 | Ossuary  | Reached **** piety under Lugonu
  9090 | Ossuary  | Reached XP level 9. HP: 69/69 MP: 10/10
  9108 | Ossuary  | Reached skill level 11 in Long Blades
  9651 | D:7      | You fall into a shaft and drop 2 floors!
  9654 | D:9      | Noticed a troll
  9669 | D:9      | Killed a troll
  9687 | D:9      | Noticed a gargoyle
  9687 | D:9      | Noticed a manticore
  9688 | D:9      | Noticed an efreet
  9689 | D:9      | Noticed a troll
  9689 | D:9      | Noticed a boulder beetle
  9690 | D:9      | Noticed a manticore
  9690 | D:9      | Noticed a two-headed ogre
  9690 | D:9      | Noticed a manticore
  9690 | D:9      | Noticed a two-headed ogre
  9690 | D:9      | Noticed a purple ugly thing
  9691 | D:9      | Noticed a centaur warrior
  9691 | D:9      | Noticed a gargoyle
  9692 | D:9      | HP: 1/69 [efreet/bolt of fire (9)]
  9693 | D:9      | Killed from afar by an efreet

Illustrated notes

Levels and vault maps discovered:
D:1:      nzn_arrival_depleted_hourglass, layout_loops_corners,
          hellmonk_ecumenical_altar_lost_god
D:2:      layout_loops_corners, serial_shops, shop, nicolae_shop_crystal
D:3:      cheibrodos_greedy_goblins, layout_loops_corners, st_stairs_6,
          grunt_ministairs_4, uniq_sigmund, uniq_jessica
D:4:      layout_cave_pools
D:5:      layout_basic, good_gods_mini_temple, temple_doors_e,
          minmay_manual_monolith
D:6:      layout_basic
D:7:      layout_basic, nicolae_ossuary_entry_giza, serial_curves,
          eino_curves_04, eino_curves_03, st_stairs_5
D:9:      layout_basic, minivault_28, uniq_grum, uniq_prince_ribbit1

Skill      XL: |  1  2  3  4  5  6  7  8  9 |
---------------+----------------------------+-----
Long Blades    | 2 3 4 5 7 8 10 11 | 11.7
Fighting       | |  3.0
Armour         | |  1.7
Dodging        | |  0.8
Invocations    | |  2.4

Action                   |  1- 3 |  4- 6 |  7- 9 || total
-------------------------+-------+-------+-------++-------
Melee: Falchion          |   129 |   143 |   338 ||   610
       Kick              |       |    34 |   115 ||   149
Invok: Depart the Abyss  |     1 |       |       ||     1
  Use: Potion            |       |     5 |     2 ||     7
       Scroll            |       |       |    17 ||    17
 Stab: Sleeping          |     1 |     1 |       ||     2
Armor: Leather armour    |    33 |    34 |       ||    67
       Scale mail        |       |    10 |   141 ||   151
Dodge: Dodged            |    80 |    72 |   101 ||   253
Block: Other             |       |    15 |    49 ||    64
       Rpst.: Falchion   |    27 |    25 |    31 ||    83

Table legend: (Time is in decaauts)
 A = Elapsed time spent in this place.
 B = Non-inter-level travel time spent in this place.
 C = Inter-level travel time spent in this place.
 D = Time resting spent in this place.
 E = Time spent auto-exploring this place.
 F = Levels seen in this place.
 G = Mean time per level.
                   A        B        C        D        E       F      G
               +--------+--------+--------+--------+--------+-----+--------+
         Total |   9654 |   9304 |    350 |    570 |   7574 |  11 |  877.6 |
       Dungeon |   9079 |   8729 |    350 |    570 |   7124 |   8 | 1134.9 |
         Abyss |    198 |    198 |      0 |      0 |    175 |   2 |   99.0 |
       Ossuary |    376 |    376 |      0 |      0 |    275 |   1 |  376.0 |
               +--------+--------+--------+--------+--------+-----+--------+

Top non-repeatable levels by time:
     D:3: 1863 daAuts
     D:5: 1735 daAuts
     D:2: 1456 daAuts
     D:6: 1395 daAuts
     D:1: 1244 daAuts
     D:4: 725 daAuts
     D:7: 621 daAuts
 Ossuary: 376 daAuts
 Abyss:1: 162 daAuts
     D:9: 39 daAuts
 Abyss:2: 36 daAuts
